 Dungeon Crawl Stone Soup version 0.30.0-19-g36f170ea60 (webtiles) character file.

Game seed: 7026028736527160609

79492 cheesebisquit the Warrior (level 15, -25/137 HPs)
             Began as a Barachi Summoner on May 27, 2023.
             Was an Initiate of Gozag.
             Annihilated by a spriggan defender simulacrum (27 damage)
             ... in an ice cave.
             The game lasted 03:13:32 (34889 turns).

cheesebisquit the Warrior (Barachi Summoner)       Turns: 34889, Time: 03:13:32

Health: -25/137    AC: 11    Str: 16    XL:     15   Next: 63%
Magic:  15/24      EV: 13    Int: 26    God:    Gozag
Gold:   1897       SH:  0    Dex: 13    Spells: 1/26 levels left

rFire   . . .        f - +11 plutonium sword {Contam Stlth-}
rCold   . . .        (shield currently unavailable)
rNeg    + . .        B - +1 robe of the Crushed Continents {rN+ Str+2 Int+5}
rPois   .            x - +0 helmet
rElec   .            K - +2 cloak
rCorr   .            w - +1 pair of gloves {Str+3}
SInv    +            S - +0 pair of boots
Will    ++...        e - amulet of regeneration
Stlth   ++           u - ring of willpower
HPRegen 1.22/turn    a - ring of see invisible
MPRegen 0.19/turn

%: no passive effects
@: slow
A: amphibious, slowness 1, strong legs 2, +LOS
a: Hop, Renounce Religion, Potion Petition, Call Merchant, Bribe Branch


You were in an ice cave.
You worshipped Gozag.
Gozag was most pleased with you.
You visited 4 branches of the dungeon, and saw 22 of its levels.
You also visited: Ice Cave.

You collected 7058 gold pieces.
You spent 2550 gold pieces at shops.
You paid 2611 gold pieces to Gozag.

Inventory:

Hand Weapons
 f - the +11 plutonium sword (weapon) {Contam Stlth-}
   (You found it on level 5 of the Lair of Beasts)

   Contam:    It causes magical contamination when unequipped.
   Stlth:     It makes you less stealthy.
 J - a +1 triple sword of holy wrath
 N - a +5 great sword of flaming
 T - a +3 morningstar
Missiles
 s - 12 javelins (quivered)
 D - 17 boomerangs
 P - 30 poisoned darts
 Q - 2 boomerangs of dispersal
 W - a silver boomerang
 Y - 3 atropa-tipped darts
Armour
 l - the +7 chain mail of Zin's Righteous Anger {rF+}
   (You found it on level 9 of the Dungeon)

   rF:        It protects you from fire.
 w - a +1 pair of gloves of strength (worn)
 x - a +0 helmet (worn)
 z - a +3 leather armour of poison resistance
 B - the +1 robe of the Crushed Continents (worn) {rN+ Str+2 Int+5}
   (You bought it in a shop on level 5 of the Dungeon)

   Str:       It affects your strength (+2).
   Int:       It affects your intelligence (+5).
   rN:        It protects you from negative energy.
 K - a +2 cloak (worn)
 S - a +0 pair of boots (worn)
 U - a +0 ring mail of poison resistance
 V - a +1 leather armour of poison resistance
Jewellery
 a - a ring of see invisible (right hand)
 e - an amulet of regeneration (around neck)
 u - a ring of willpower (left hand)
Wands
 m - a wand of roots (13)
 p - a wand of polymorph (5)
 q - a wand of quicksilver (34)
 y - a wand of mindburst (36)
 F - a wand of digging (4)
 X - a wand of paralysis (6)
 Z - a wand of flame (2)
Scrolls
 g - 2 scrolls of immolation
 k - 5 scrolls of teleportation
 n - 3 scrolls of silence
 r - 2 scrolls of identify
 t - a scroll of blinking
 v - a scroll of amnesia
 C - 2 scrolls of poison
 L - 2 scrolls of fog
 M - a scroll of summoning
Potions
 b - 2 potions of magic
 c - 2 potions of cancellation
 d - 5 potions of mutation
 h - a potion of lignification
 i - 3 potions of brilliance
 j - 2 potions of resistance
 o - 12 potions of ambrosia
 A - a potion of invisibility
 E - a potion of might
 G - 4 potions of haste
 H - a potion of berserk rage {unknown}
 I - 7 potions of flight
 O - 3 potions of curing
 R - a potion of heal wounds


   Skills:
 + Level 18.4 Fighting
 + Level 17.5 Long Blades
 - Level 5.0 Armour
 + Level 3.6 Dodging
 - Level 5.0 Stealth
 + Level 6.3 Spellcasting
 - Level 5.0 Hexes
 + Level 15.6 Summonings
 + Level 2.5 Translocations
 - Level 5.0 Air Magic


You had one spell level left.
You knew the following spells:

 Your Spells              Type           Power      Damage    Failure   Level
a - Summon Small Mammal   Summ           100%       N/A       0%          1
b - Call Imp              Summ           100%       N/A       0%          2
c - Call Canine Familiar  Summ           74%        N/A       1%          3
d - Summon Guardian Gole  Hex/Summ       58%        N/A       1%          3
e - Summon Lightning Spi  Summ/Air       58%        N/A       1%          4
f - Summon Forest         Summ/Tloc      26%        N/A       4%          5
g - Summon Hydra          Summ           37%        N/A       9%          7

Your spell library contained the following spells:

 Spells                   Type           Power      Damage    Failure   Level
 Slow                     Hex            100%       N/A       1%          1
 Sandblast                Erth           16%        2d6       7%          1
 Sting                    Tmut/Pois      32%        1d4       7%          1
 Confusing Touch          Hex            34%        N/A       2%          3
 Animate Armour           Summ/Erth      98%        N/A       2%          4
 Blink                    Tloc           42%        N/A       3%          2
 Lesser Beckoning         Tloc           42%        N/A       3%          2
 Poisonous Vapours        Pois/Air       42%        N/A       3%          2
 Gell's Gravitas          Tloc           21%        N/A       7%          3
 Teleport Other           Tloc           21%        N/A       7%          3
 Passwall                 Tmut/Erth      6%         N/A       10%         2
 Hailstorm                Conj/Ice       8%         3d4       21%         3
 Ignite Poison            Fire/Tmut/Pois 8%         N/A       21%         3
 Stone Arrow              Conj/Erth      16%        3d8       21%         3
 Vampiric Draining        Necr           8%         2d6       21%         3
 Manifold Assault         Tloc           21%        N/A       24%         4
 Ice Form                 Ice/Tmut       8%         N/A       54%         4
 Olgreb's Toxic Radiance  Pois           8%         N/A       54%         4
 Sticky Flame             Conj/Fire      8%         2d3       54%         4
 Fireball                 Conj/Fire      4%         3d4       88%         5
 Haunt                    Necr/Summ      24%        N/A       92%         7
 Eringya's Noxious Bog    Tmut/Pois      4%         N/A       100%        6
 Storm Form               Tmut/Air       10%        N/A       100%        7
 Ignition                 Fire           4%         3d4       100%        8
 Infestation              Necr           4%         N/A       100%        8
 Lehudib's Crystal Spear  Conj/Erth      4%         10d3      100%        8
 Necromutation            Tmut/Necr      4%         N/A       100%        8
 Animate Dead             Necr           Unusable   N/A       N/A         4
 Simulacrum               Ice/Necr       Unusable   N/A       N/A         6

Dungeon Overview and Level Annotations

Branches:
Dungeon (14/15)            Temple (1/1) D:7            Lair (5/5) D:11
  Swamp (0/4) Lair:3        Snake (0/4) Lair:3        Slime (0/5) Lair:4
    Orc (2/2) D:12            Elf (0/3) Orc:2         IceCv (1/1)
 Vaults: D:13-14

Altars:
Ashenzari
Cheibriados
Dithmenos
Elyvilon
Fedhas
Gozag
Hepliaklqana
Kikubaaqudgha
Makhleb
Nemelex Xobeh
Okawaru
Qazlal
Ru
Sif Muna
Trog
Uskayaw
Vehumet
Wu Jian
Xom
Yredelemnul
Zin
The Shining One
Jiyva

Shops:
D:5 [   D:9 *   D:11 [*   Orc:1 (   Orc:2 :*[(   Lair:3 ![

Annotations:
Lair:3 2 transporters, monsoonserge's ghost, journeyman KoBr


Innate Abilities, Weirdness & Mutations

You are amphibious.
You cover ground slowly.
You can hop long distances.
You have an extended range of vision and can be seen from far away.


Message History

You slice the yak!!
The yak is almost dead.
Your warg bites the yak.
The yak dies!
You hear the loud crackling of a melting archway.
You now have 1897 gold pieces (gained 22).
Found a frozen archway.
You swap places.
There is a frozen archway here.
The world spins around you as you enter the gateway.
You enter an ice cave!
Found an ice covered gate leading back out of this place.
There is an ice choked empty arch of ancient stone here.
A spriggan defender simulacrum comes into view.
Casting: Summon Lightning Spire (mildly dangerous; 1% risk of failure)
Confirm with . or Enter, or press ? or * to list all spells.
An electric hum fills the air.
Casting: Summon Lightning Spire (mildly dangerous; 1% risk of failure)
Confirm with . or Enter, or press ? or * to list all spells.
A guardian golem appears, shielding your allies.
You slash the spriggan defender simulacrum!
The spriggan defender simulacrum is moderately damaged.
The spriggan defender simulacrum hits you!
The spriggan defender simulacrum freezes you!!
A minotaur simulacrum comes into view.
The spriggan defender simulacrum hits you.
The spriggan defender simulacrum freezes you!!!
Casting: Summon Guardian Golem (safe; 1% risk of failure)
Confirm with . or Enter, or press ? or * to list all spells.
The spriggan defender simulacrum barely misses you.
A minotaur simulacrum comes into view.
The spriggan defender simulacrum hits you!
* * * LOW HITPOINT WARNING * * *
The spriggan defender simulacrum freezes you!!
* * * LOW HITPOINT WARNING * * *
The spriggan defender simulacrum hits you!
* * * LOW HITPOINT WARNING * * *
The spriggan defender simulacrum freezes you!!
You die...
Your body crumbles into a pile of gold.

≈≈ ≈.
#.
##.#
#...
.Z.
#.##
#ZZ##
#.@#
##8##
#9h#
#.##
##.#
#..#
#.##
##.#
#..#


You could see a spriggan defender simulacrum (ally target), 2 minotaur
simulacra, a friendly guardian golem (summoned), a friendly warg (summoned,
sheltered) and a friendly lightning spire (summoned, sheltered).

Vanquished Creatures
  The ghost of JanusIIV the Grappler, a journeyman TrFi of Wu Jian (Lair:1)
  6 hydras
  A catoblepas (Lair:5)
  A boulder beetle (D:13)
  A death yak (Lair:5)
  An orc high priest (Orc:2)
  A swamp dragon (shapeshifter) (D:13)
  An orc sorcerer (Orc:2)
  3 orc knights (Orc:2)
  A deep elf pyromancer (Orc:1)
  A deep elf zephyrmancer (Orc:1)
  2 manticores
  A black mamba (Lair:5)
  3 elephants (Lair:5)
  A cane toad (Lair:4)
  A rime drake (Lair:5)
  A troll (Orc:2)
  A polar bear (Lair:5)
  5 blink frogs
  A dream sheep (Lair:3)
  2 water elementals (D:14)
  A wyvern (Lair:4)
  2 wraiths (D:11)
  12 yaks
  A shadow (D:7)
  A basilisk (Lair:3)
  2 water moccasins
  8 orc warriors
  7 wolves
  5 ogres (Orc:2)
  A centaur (D:7)
  A phantom (D:7)
  A bullfrog (Lair:4)
  A gnoll sergeant (D:8)
  4 electric eels
  A howler monkey (D:8)
  7 orc priests
  4 orc wizards
  3 gnolls
  An ufetubus (D:14)
  14 orcs
  2 bats (D:1)
  An endoplasm (D:1)
  A goblin (D:4)
  A hobgoblin (D:4)
  A jackal (D:3)
119 creatures vanquished.

Vanquished Creatures (collateral kills)
  Rupert (D:13)
  An orc warlord (Orc:2)
  2 hydras
  2 catoblepae (Lair:5)
  An ogre mage (Orc:2)
  A two-headed ogre (Orc:1)
  4 centaur warriors
  2 boulder beetles
  An orc high priest (Orc:2)
  2 skysharks (Lair:5)
  3 deep elf pyromancers
  An orc knight (Orc:2)
  An ugly thing (D:13)
  7 deep elf zephyrmancers (Orc:1)
  4 orc sorcerers (Orc:2)
  2 manticores
  3 elephants (Lair:5)
  3 black mambas
  A torpor snail (Lair:3)
  8 cane toads
  2 unseen horrors
  A komodo dragon (D:11)
  2 rime drakes
  A queen bee (Lair:2)
  A troll (D:12)
  A polar bear (D:14)
  2 blink frogs
  6 dream sheep (Lair:3)
  3 slime creatures (D:13)
  Sigmund (D:3)
  A wraith (D:12)
  2 wyverns (D:9)
  Grum (D:5)
  A shadow (D:11)
  40 yaks
  Eustachio (D:6)
  A vampire mosquito (D:11)
  Edmund (D:6)
  A warg (Orc:2)
  A naga (Lair:3)
  An acid dragon (D:13)
  6 water moccasins
  3 ice beasts
  22 orc warriors
  2 black bears (D:6)
  A black bear (shapeshifter) (D:14)
  2 sky beasts (D:7)
  9 ogres
  8 centaurs
  9 wolves
  6 bullfrogs
  Blork the orc (D:6)
  3 gnoll sergeants
  8 wights
  16 killer bees (Lair:2)
  3 howler monkeys
  An electric eel (D:7)
  3 jellies
  8 hounds
  2 gnoll boudas
  18 orc priests
  Crazy Yiuf (D:6)
  Ijyb (D:4)
  9 iguanas
  21 orc wizards
  Natasha (twice) (D:3)
  Robin (D:4)
  17 gnolls
  8 adders
  A river rat (D:3)
  4 white imps
  3 worms
  2 dart slugs
  76 orcs
  8 ball pythons
  2 bats
  9 endoplasms
  A giant cockroach (D:1)
  10 goblins
  6 hobgoblins
  6 jackals
  15 kobolds
  3 quokkas
  2 frilled lizards
  12 rats
472 creatures vanquished.

Vanquished Creatures (others)
  5 death yaks (Lair:5)
  A two-headed ogre (D:10)
  A tengu warrior (D:13)
  Urug (D:10)
  An orc high priest (Orc:2)
  Amaemon (D:10)
  A deep elf pyromancer (D:13)
  An orc knight (Orc:2)
  A manticore (D:14)
  A gargoyle (D:12)
  An orange demon (D:10)
  3 cane toads
  A komodo dragon (shapeshifter) (D:13)
  A queen bee (shapeshifter) (D:13)
  A troll (D:11)
  A meliai (D:14)
  2 hornets (D:10)
  A dream sheep (Lair:3)
  27 yaks
  2 wargs (Orc:2)
  2 vampire mosquitoes (D:11)
  A naga (Lair:3)
  2 water moccasins
  2 black bears
  6 orc warriors
  4 wolves
  A centaur (D:13)
  2 kobold brigands
  A bullfrog (Lair:1)
  2 wights
  9 killer bees (Lair:2)
  A jelly (D:8)
  5 orc priests
  4 orc wizards
  2 gnolls (D:12)
  18 orcs
  2 kobolds (D:9)
118 creatures vanquished.

Grand Total: 709 creatures vanquished

Notes
Turn   | Place    | Note
-------+----------+-------------------------------------------
     0 | D:1      | cheesebisquit the Barachi Summoner began the quest for the
                  | Orb.
     0 | D:1      | Reached XP level 1. HP: 13/13 MP: 3/3
   182 | D:1      | Reached skill level 5 in Summonings
   190 | D:1      | Reached XP level 2. HP: 13/19 MP: 1/5
   193 | D:1      | Learned a level 2 spell: Call Imp
   997 | D:2      | Reached XP level 3. HP: 24/24 MP: 4/7
  1001 | D:2      | Learned a level 3 spell: Call Canine Familiar
  1714 | D:2      | Found a sparkling altar of Nemelex Xobeh.
  2323 | D:3      | Reached XP level 4. HP: 27/30 MP: 0/9
  2332 | D:3      | Noticed Sigmund
  2417 | D:3      | Killed Sigmund
  2418 | D:3      | Reached XP level 5. HP: 17/35 MP: 4/11
  2422 | D:3      | Learned a level 3 spell: Summon Guardian Golem
  2427 | D:3      | Learned a level 4 spell: Summon Lightning Spire
  2608 | D:3      | Found a broken altar of Ashenzari.
  2637 | D:3      | Noticed Natasha
  2652 | D:3      | Reached XP level 6. HP: 34/41 MP: 7/12
  2987 | D:3      | Found an ornate altar of the Wu Jian Council.
  3064 | D:3      | Killed Natasha
  3430 | D:3      | Noticed Natasha
  3436 | D:3      | Killed Natasha
  3437 | D:3      | Reached skill level 5 in Spellcasting
  4419 | D:4      | Noticed Robin
  4443 | D:4      | Killed Robin
  4539 | D:4      | Found a hazy altar of Hepliaklqana.
  4767 | D:4      | Found a sparkling altar of Nemelex Xobeh.
  4799 | D:4      | Noticed Ijyb
  4819 | D:4      | Killed Ijyb
  4941 | D:4      | Found a burning altar of Makhleb.
  4970 | D:4      | Reached XP level 7. HP: 46/46 MP: 10/15
  5267 | D:5      | Entered Level 5 of the Dungeon
  5433 | D:5      | Found Maudiomm's Antique Armour Boutique.
  5843 | D:5      | Reached skill level 1 in Fighting
  5977 | D:5      | Reached skill level 2 in Fighting
  5988 | D:5      | Reached skill level 3 in Fighting
  6171 | D:5      | Bought a steaming robe for 159 gold pieces
  6171 | D:5      | Identified the +1 robe of the Crushed Continents {rN+ Str+2
                  | Int+5} (You bought it in a shop on level 5 of the Dungeon)
  6265 | D:5      | Reached skill level 4 in Fighting
  6466 | D:5      | Reached skill level 5 in Fighting
  6466 | D:5      | Reached XP level 8. HP: 46/62 MP: 7/16
  6550 | D:5      | Noticed Grum
  6559 | D:5      | Reached skill level 6 in Fighting
  6932 | D:5      | Reached skill level 7 in Fighting
  7227 | D:5      | Killed Grum
  7228 | D:5      | Reached skill level 8 in Fighting
  7342 | D:5      | Found a basalt altar of Yredelemnul.
  7406 | D:5      | Found a white marble altar of Elyvilon.
  7589 | D:6      | Reached skill level 9 in Fighting
  7797 | D:6      | Noticed Eustachio
  8053 | D:6      | Reached XP level 9. HP: 74/77 MP: 10/17
  8071 | D:6      | Reached skill level 10 in Fighting
  8396 | D:6      | Noticed Edmund
  8430 | D:6      | Killed Edmund
  8700 | D:6      | Reached skill level 11 in Fighting
  9028 | D:6      | Killed Eustachio
  9209 | D:6      | Noticed Blork the orc
  9221 | D:6      | Killed Blork the orc
  9222 | D:6      | Reached skill level 12 in Fighting
  9335 | D:6      | Found a runed translucent door.
  9336 | D:6      | Noticed Crazy Yiuf
  9634 | D:6      | Killed Crazy Yiuf
  9814 | D:7      | Found an iron altar of Okawaru.
  9987 | D:7      | Reached skill level 13 in Fighting
 10000 | D:7      | Reached skill level 1 in Armour
 10209 | D:7      | Reached XP level 10. HP: 60/92 MP: 10/18
 10610 | D:7      | Reached skill level 5 in Armour
 10699 | D:7      | Found a staircase to the Ecumenical Temple.
 10708 | Temple   | Entered the Ecumenical Temple
 10713 | Temple   | Became a worshipper of Gozag Ym Sagoz the Greedy
 10840 | D:7      | Found a sacrificial altar of Ru.
 10840 | D:7      | Found a shimmering altar of Xom.
 11769 | D:8      | Found a glowing golden altar of the Shining One.
 12343 | D:8      | Reached skill level 5 in Stealth
 12345 | D:8      | Reached skill level 1 in Long Blades
 13082 | D:9      | Reached skill level 5 in Long Blades
 13411 | D:9      | Found Botoat's Assorted Antiques.
 13420 | D:9      | Bought a potion of curing for 114 gold pieces
 13420 | D:9      | Bought a scroll of identify for 76 gold pieces
 13424 | D:9      | Identified the +7 chain mail of Zin's Righteous Anger {rF+}
 13713 | D:9      | Reached XP level 11. HP: 98/98 MP: 8/19
 14245 | D:10     | Entered Level 10 of the Dungeon
 14278 | D:10     | Noticed a two-headed ogre
 14280 | D:10     | Noticed Urug
 14529 | D:10     | Killed a two-headed ogre
 14552 | D:10     | Noticed Amaemon
 14626 | D:10     | Killed Amaemon
 14627 | D:10     | Reached skill level 10 in Long Blades
 14795 | D:10     | Killed Urug
 15023 | D:10     | Found a shadowy altar of Dithmenos.
 15265 | D:10     | Paralysed by a hornet for 3 turns
 15274 | D:10     | Reached skill level 1 in Air Magic
 15822 | D:11     | Noticed a boulder beetle
 15839 | D:11     | Killed a boulder beetle
 16063 | D:11     | Found Raaqoa's Demolitions Depot.
 16360 | D:11     | Found Siant's Armour Emporium.
 16458 | D:11     | Found a shimmering altar of Xom.
 16459 | D:11     | Found a shimmering altar of Xom.
 16459 | D:11     | Found a shimmering altar of Xom.
 16461 | D:11     | Found a shimmering altar of Xom.
 16464 | D:11     | Found a shimmering altar of Xom.
 16464 | D:11     | Found a shimmering altar of Xom.
 16466 | D:11     | Found a shimmering altar of Xom.
 16674 | D:11     | Found a staircase to the Lair.
 16984 | D:12     | Reached XP level 12. HP: 75/105 MP: 20/20
 17085 | D:12     | Found a staircase to the Orcish Mines.
 17368 | D:12     | Reached skill level 5 in Air Magic
 19155 | Lair:1   | Entered Level 1 of the Lair of Beasts
 19266 | Lair:1   | Reached skill level 14 in Fighting
 19289 | Lair:1   | Reached skill level 10 in Summonings
 19429 | Lair:1   | HP: 4/107 [poisoned by a cane toad]
 19436 | Lair:1   | Reached skill level 1 in Hexes
 19584 | Lair:1   | Found a runed translucent gate.
 19586 | Lair:1   | Found a runed translucent gate.
 19586 | Lair:1   | Noticed JanusIIV's ghost (journeyman TrFi)
 19587 | Lair:1   | Found a runed translucent gate.
 19753 | Lair:1   | Identified the +9 mace of Guimitac {speed, Int+2}
 20654 | Lair:2   | Identified the +7 dagger of the Peculiar Xeniums {venom,
                  | rF++ rC+ rN+++ Dex-2}
 21496 | Lair:3   | Gained mutation: You can hop long distances. [Barachi
                  | growth]
 21496 | Lair:3   | Reached XP level 13. HP: 91/114 MP: 9/21
 21749 | Lair:3   | Found a staircase to the Snake Pit.
 21783 | Lair:3   | Reached skill level 15 in Fighting
 21787 | Lair:3   | Reached skill level 5 in Hexes
 21971 | Lair:3   | Found a staircase to the Swamp.
 22407 | Lair:3   | Noticed monsoonserge's ghost (journeyman KoBr)
 22410 | Lair:3   | Found a bloodstained altar of Trog.
 22501 | Lair:3   | Found a transporter.
 22515 | Lair:3   | Found a transporter.
 23008 | Lair:3   | Bought a pair of runed gloves for 232 gold pieces
 23008 | Lair:3   | Bought a pair of runed gloves for 232 gold pieces
 23017 | Lair:3   | Bought a potion of haste for 130 gold pieces
 23017 | Lair:3   | Bought a potion of might for 52 gold pieces
 23017 | Lair:3   | Bought a potion of ambrosia for 104 gold pieces
 23017 | Lair:3   | Bought a potion of curing for 39 gold pieces
 23017 | Lair:3   | Bought a potion of heal wounds for 65 gold pieces
 23017 | Lair:3   | Bought a potion of invisibility for 104 gold pieces
 23017 | Lair:3   | Bought a potion of curing for 39 gold pieces
 23941 | Lair:4   | Found a runed translucent door.
 23947 | Lair:4   | Found a viscous altar of Jiyva.
 24098 | Lair:4   | Found a staircase to the Slime Pits.
 24195 | Lair:5   | Entered Level 5 of the Lair of Beasts
 24371 | Lair:5   | Reached skill level 16 in Fighting
 24388 | Lair:5   | Reached skill level 15 in Long Blades
 24601 | Lair:5   | Identified the staff of earth "Qiqagh" {Int+2}
 24882 | Lair:5   | Reached XP level 14. HP: 119/125 MP: 12/22
 25750 | Lair:5   | Identified the staff of fire "Yppecuom" {rF+ MP+9 Int+5
                  | Dex+3 Stlth+}
 26182 | Lair:5   | Reached skill level 17 in Fighting
 26373 | Lair:5   | Found the +11 plutonium sword {Contam Stlth-}
 27152 | D:7      | Found a staircase to the Ecumenical Temple.
 27177 | D:7      | Found an iron altar of Okawaru.
 27394 | D:7      | Found a sacrificial altar of Ru.
 27394 | D:7      | Found a shimmering altar of Xom.
 27744 | Lair:1   | Killed JanusIIV's ghost
 28323 | Orc:1    | Entered Level 1 of the Orcish Mines
 29578 | Orc:2    | Entered Level 2 of the Orcish Mines
 29578 | Orc:2    | Found a burning altar of Makhleb.
 30772 | Orc:2    | Reached XP level 15. HP: 128/136 MP: 1/23
 31397 | Orc:2    | Reached skill level 15 in Summonings
 31890 | Orc:2    | Reached skill level 18 in Fighting
 32321 | Orc:2    | Noticed an orc warlord
 32339 | Orc:2    | Killed an orc warlord
 32619 | Orc:2    | Got the Quarto of the Mausoleum and Incineration
 32651 | Orc:2    | Found a staircase to the Elven Halls.
 32803 | Orc:2    | Found Necvuigi's Antique Armour Shoppe.
 32804 | Orc:2    | Found Biejuofu's Antique Weapon Shoppe.
 32807 | Orc:2    | Found Anuellea's General Store.
 32807 | Orc:2    | Found Vutupt's Book Emporium.
 32824 | Orc:2    | Bought a Fen Folio for 588 gold pieces
 32824 | Orc:2    | Bought a book of Death for 616 gold pieces
 32830 | Orc:2    | Learned a level 5 spell: Summon Forest
 32838 | Orc:2    | Learned a level 7 spell: Summon Hydra
 33298 | D:13     | Reached skill level 1 in Translocations
 33528 | D:13     | Noticed Rupert
 33541 | D:13     | Killed Rupert
 34864 | D:14     | Found a frozen archway.
 34869 | IceCv    | Entered an ice cave
 34889 | IceCv    | HP: 2/137 [spriggan defender simulacrum (11)]
 34889 | IceCv    | Annihilated by a spriggan defender simulacrum

Illustrated notes

Levels and vault maps discovered:
D:1:      ebering_trefoil_twist, layout_basic, minmay_misc_feat_square
D:2:      layout_basic, basic_altar
D:3:      layout_loops_ring, nicolae_ashenzari_panopticon,
          mainiacjoe_overflow_brackets, portal_sewer_entry_b, uniq_sigmund,
          uniq_natasha
D:4:      layout_gridville, nemelex_spade_bored_becter, pf_just_have_faith,
          mainiacjoe_overflow_paths, uniq_ijyb, uniq_robin
D:5:      layout_cave_pools, kennysheep_ying_yang, serial_gnoll_camp,
          gnoll_camp_mini_loothouse, grums_kennel, gnoll_camp_mini_basic,
          gnoll_camp_mini_shop, grunt_ministairs_6
D:6:      layout_loops_ring, minmay_misc_feat_x, supply_closet_lemuel,
          uniq_edmund, uniq_crazy_yiuf_cottage, uniq_eustachio,
          uniq_blork_the_orc
D:7:      layout_loops_cross, mainiacjoe_overflow_tiny_flanked,
          gammafunk_temple_overflow_elements, minmay_temple_entry_trees,
          serial_bayou_ford_a, skrybe_limestone_x
D:8:      layout_gridville, tso_oasis_becter, minmay_quadrilaterals
D:9:      layout_irregular_city, serial_shops, shop
D:10:     layout_loops_ring, nicolae_dithmenos_shadow_blocks, uniq_amaemon,
          uniq_urug
D:11:     layout_irregular_city, david_lair_shrubbed, serial_shops, shop,
          nicolae_blasting_shop, nicolae_xom_altar_mimics
D:12:     layout_gridville, minmay_orc_entry_temple_small, eino_tiny_chamber,
          minmay_between
D:13:     layout_cave_pools, st_stairs_3, uniq_rupert
D:14:     minmay_swirls_squares, layout_loops_ring,
          hangedman_vaults_entry_quadrant_bands, serial_ice, serial_ice_m,
          serial_ice_n, serial_ice_a, serial_ice_j,
          portal_ice_cave_entry_pillars_four, lemuel_coloured_pillars_altar,
          hangedman_abyss_or_decor_stagger
Temple:   hellmonk_temple_micro_hex
Lair:1:   layout_small_grid, ebering_ghost_rock_garden,
          nicolae_lair_grove_arrangements
Lair:2:   layout_roguey [special_room_bee]
Lair:3:   layout_roguey, swamp_mist, guppyfry_snake_entry_island,
          gammafunk_ghost_wrathful_warriors, serial_bayou_shore_b
Lair:4:   layout_loops_ring, slime_entry_2, lemuel_fruit_tree
Lair:5:   evilmike_catoblepas_cave, layout_regular_city, grunt_megastairs_5,
          infiniplex_staircase_pool_2
Orc:1:    layout_caves, basic_altar, nicolae_orc_stony_grotto,
          elves_outpost_lemuel
Orc:2:    st_orc_congregation, layout_caves, basic_altar, mines4_lemuel
IceCv:    ice_cave_caverns_01

Skill      XL: |  1  2  3  4  5  6  7  8  9 10 11 12 13 14 15 |
---------------+----------------------------------------------+-----
Summonings     | 5 6 7 8 10 12 14 15 | 15.6
Spellcasting   | 3 4 5 6 |  6.3
Fighting       | 5 9 13 14 16 17 18 | 18.4
Armour         | 3 5 |  5.0
Stealth        | 5 |  5.0
Long Blades    | 8 12 13 15 16 17 | 17.5
Air Magic      | 4 5 |  5.0
Hexes          | 3 5 |  5.0
Translocations | 2 |  2.5
Dodging        | 3 |  3.6

Action                     |  1- 3 |  4- 6 |  7- 9 | 10-12 | 13-15 || total
---------------------------+-------+-------+-------+-------+-------++-------
  Melee: Unarmed           |    18 |    44 |    64 |       |       ||   126
         Quarterstaff      |       |       |     5 |       |       ||     5
         Great sword       |       |       |       |   253 |   109 ||   362
         Triple sword      |       |       |       |       |   109 ||   109
  Throw: Javelin           |       |     1 |       |     1 |       ||     2
         Boomerang         |       |       |       |     8 |       ||     8
   Cast: Summon Small Mamm |    44 |    22 |    65 |    32 |       ||   163
         Call Imp          |    16 |    20 |    48 |    66 |     8 ||   158
         Call Canine Famil |     9 |    12 |    46 |    74 |    81 ||   222
         Summon Guardian G |       |       |    13 |    92 |   115 ||   220
         Summon Lightning  |       |       |       |    24 |   140 ||   164
         Summon Hydra      |       |       |       |       |     2 ||     2
         Summon Forest     |       |       |       |       |     1 ||     1
 Invoke: Call Merchant     |       |       |       |       |     3 ||     3
Ability: Hop               |       |       |     2 |     3 |     2 ||     7
    Use: Scroll            |       |     4 |    11 |    13 |     5 ||    33
         Potion            |       |       |     4 |     5 |     4 ||    13
   Stab: Distracted        |       |     3 |     1 |     3 |     4 ||    11
 Armour: Robe              |     9 |     9 |    27 |    63 |    98 ||   206
         Leather armour    |       |       |     5 |       |       ||     5
  Dodge: Dodged            |    23 |    40 |   161 |   147 |   166 ||   537
